 Dungeon Crawl Stone Soup version 0.25.1-11-g244df3a29b (webtiles) character file.

Game seed: 14243621831554623304

33434 DeepDeath the Basher (level 13, 0/80 HPs)
             Began as a Gargoyle Abyssal Knight on Jan 13, 2024.
             Was the Champion of Lugonu.
             Slain by a freezing wraith (8 damage)
             ... in an ice cave.
             The game lasted 01:05:34 (16746 turns).

DeepDeath the Basher (Gargoyle Abyssal Knight)     Turns: 16746, Time: 01:05:34

Health: 0/80       AC: 21    Str: 25    XL:     13   Next: 71%
Magic:  20/20      EV: 12    Int: 14    God:    Lugonu [******]
Gold:   1066       SH:  0    Dex: 10    Spells: 12/12 levels left

rFire    . . .     SeeInvis .   s - +1 hand axe (flame)
rCold    + . .     Gourm    .   (no shield)
rNeg     + . .     Faith    .   z - +2 ring mail {rF+}
rPois    ∞         Spirit   .   p - +2 hat
rElec    +         Reflect  .   i - +0 cloak
rCorr    .         Harm     .   (no gloves)
MR       .....                  (no boots)
Stlth    ..........             W - amulet of the acrobat
HPRegen  0.23/turn              L - +6 ring of strength
MPRegen  0.17/turn              O - ring of ice

@: slowed, very slow
A: negative energy resistance 1, electricity resistance, unbreathing,
petrification resistance, rot immunity, AC +9
a: Depart the Abyss, Bend Space, Banish, Corrupt, Enter the Abyss, Brand Weapon
With Distortion, Renounce Religion


You were in an ice cave.
You worshipped Lugonu.
Lugonu was exalted by your worship.
You were hungry.

You visited 2 branches of the dungeon, and saw 16 of its levels.
You visited the Abyss 1 time.
You also visited: Bailey and Ice Cave.

You collected 1066 gold pieces.

Inventory:

Hand Weapons
 s - a +1 hand axe of flaming (weapon)
 w - a +2 whip of electrocution
 V - a +0 dire flail
Missiles
 A - 5 silver boomerangs (quivered)
 D - 38 poisoned darts
 J - 14 javelins
 N - a throwing net
Armour
 i - a +0 cloak (worn)
 p - a +2 hat (worn)
 z - a +2 ring mail of fire resistance (worn)
Jewellery
 H - a +6 ring of dexterity
 I - an uncursed ring of positive energy
 L - a +6 ring of strength (left hand)
 O - a ring of ice (right hand)
 R - an uncursed ring of resist corrosion
 W - an amulet of the acrobat (around neck)
Wands
 e - a wand of enslavement (13)
 g - a wand of flame (20)
 y - a wand of digging (6)
 E - a wand of clouds (4)
 G - a wand of disintegration (37)
 K - a wand of acid (8)
Scrolls
 h - 3 scrolls of identify
 j - a scroll of magic mapping
 m - 2 scrolls of teleportation
 t - 13 scrolls of remove curse
 x - 2 scrolls of fog
 F - 2 scrolls of enchant armour
 Q - 2 scrolls of summoning
 T - a scroll of fear
Potions
 a - 3 potions of flight
 c - 8 potions of curing
 l - 2 potions of berserk rage
 n - 3 potions of lignification
 o - a potion of resistance
 C - a potion of cancellation
 M - a potion of invisibility
 S - a potion of mutation
 U - 2 potions of magic
Miscellaneous
 d - a phantom mirror
Comestibles
 f - 26 rations


   Skills:
 * Level 8.9 Fighting
 + Level 10.4(12.6) Axes
 - Level 12.5(14.1) Maces & Flails
   Level 2.6(7.2) Polearms
 - Level 4.0 Throwing
 - Level 8.0 Armour
 - Level 4.0 Dodging
 + Level 10.6 Invocations
 - Level 2.0 Evocations


You had 12 spell levels left.
You didn't know any spells.
Your spell library contained the following spells:

 Spells                   Type           Power        Failure   Level  Hunger
 Animate Skeleton         Necr           N/A          38%         1    ##.....
 Apportation              Tloc           #.....       38%         1    ##.....
 Corona                   Hex            #......      38%         1    ##.....
 Magic Dart               Conj           #...         38%         1    ##.....
 Shock                    Conj/Air       #...         38%         1    ##.....
 Summon Small Mammal      Summ           #...         38%         1    ##.....
 Blink                    Tloc           N/A          52%         2    ###....
 Call Imp                 Summ           #.......     52%         2    ###....
 Ensorcelled Hibernation  Hex/Ice        #.....       52%         2    ###....
 Slow                     Hex            #.......     52%         2    ###....
 Swiftness                Chrm/Air       #.......     52%         2    ###....
 Confusing Touch          Hex            #.......     77%         3    ####...
 Conjure Flame            Conj/Fire      #.......     77%         3    ####...
 Dazzling Flash           Conj/Hex       #.....       77%         3    ####...
 Mephitic Cloud           Conj/Pois/Air  #.......     77%         3    ####...
 Static Discharge         Conj/Air       #.......     77%         3    ####...
 Tukima's Dance           Hex            #.......     77%         3    ####...
 Airstrike                Air            #.........   99%         4    #####..
 Lightning Bolt           Conj/Air       #.........   100%        5    ######.


Dungeon Overview and Level Annotations

Branches:
Dungeon (11/15)            Temple (0/1) D:6            Lair (5/6) D:9
 Shoals (0/4) Lair:4       Spider (0/4) Lair:3        Slime (0/5) Lair:5
    Orc (0/2) D:11         Bailey (visited)           IceCv (1/1)

Altars:
Fedhas
Kikubaaqudgha
Ru
Jiyva


Innate Abilities, Weirdness & Mutations

You are resistant to torment.
Your stone body is resilient. (AC +9)
You are immune to poison.
You resist negative energy. (rN+)
You are resistant to electric shocks. (rElec)
You can survive without breathing.
You are immune to petrification.
You are immune to rotting.


Message History

Unknown command.
Unknown command.
Unknown command.
You closely miss the freezing wraith.
The freezing wraith is severely damaged.
You hit the freezing wraith but do no damage.
The freezing wraith hits you.
* * * LOW HITPOINT WARNING * * *
The freezing wraith freezes you. You resist.
* * * LOW HITPOINT WARNING * * *
The freezing wraith hits you but does no damage. x2
The freezing wraith misses you.
Unknown command.
Unknown command.
You completely miss the freezing wraith.
The freezing wraith is severely damaged.
You barely miss the freezing wraith. The freezing wraith hits you!
* * * LOW HITPOINT WARNING * * *
The freezing wraith freezes you! You resist.
You die...

#.............####
#............##
##.......WW.##
##.#....#.##
####.W#### #..##
##..## ##W.#
##@W.# ##...##
#...## #...##
##...# ##...##
##.....##
#...∩...#
#.......#


You could see 2 freezing wraiths.

Vanquished Creatures
  Gastronok (Lair:3)
  5 hydras
  A catoblepas (Lair:5)
  A two-headed ogre (D:10)
  Pikel (D:5)
  3 orc knights (Bailey)
  2 ugly things (D:11)
  2 manticores
  5 elephants (Lair:4)
  Maggie (D:6)
  4 black mambas
  A gargoyle (D:10)
  7 komodo dragons
  3 rime drakes
  A jumping spider (Lair:3)
  8 polar bears (Lair:3)
  4 blink frogs (Lair:5)
  7 dream sheep (Lair:2)
  8 hippogriffs
  A redback (Lair:3)
  A wraith (D:11)
  6 yaks
  A human (D:9)
  3 hogs (D:9)
  A basilisk (Lair:1)
  10 porcupines
  12 water moccasins
  12 orc warriors
  3 sky beasts (D:9)
  4 slaves (D:5)
  A hornet zombie (D:10)
  2 alligator simulacra (IceCv)
  9 black bears
  9 ice beasts
  A phantom (D:9)
  2 ogres
  6 wolves (Lair:2)
  A necrophage (D:9)
  2 centaurs
  6 crocodiles
  A big kobold (D:11)
  13 bullfrogs
  A wyvern zombie (D:10)
  2 scorpions
  A vampire bat (D:4)
  2 electric eels
  7 howler monkeys
  6 crimson imps
  2 centaur zombies
  4 hounds
  4 jellies
  5 orc priests
  2 quasits
  2 bullfrog skeletons
  A centaur skeleton (D:4)
  4 orc wizards (D:9)
  2 iguanas
  6 worker ants
  9 hell rats (Lair:2)
  A polar bear simulacrum (IceCv)
  A wolf simulacrum (IceCv)
  A hound zombie (D:9)
  4 hound skeletons
  2 worker ant zombies
  Robin (D:2)
  11 gnolls
  8 adders
  13 river rats (Lair:2)
  A shadow imp (D:2)
  5 white imps (IceCv)
  4 oozes
  2 adder skeletons
  3 worms
  4 leopard geckos
  30 orcs
  3 bat skeletons (D:4)
  2 bat zombies (D:4)
  5 giant cockroaches
  12 goblins
  9 hobgoblins
  11 jackals
  9 quokkas
  2 ball pythons
  9 bats
  8 frilled lizards
  12 kobolds
  A leopard gecko skeleton (D:8)
  A quokka zombie (D:5)
  19 rats
  2 fungi (D:7)
428 creatures vanquished.

Vanquished Creatures (others)
  An orc warrior (Bailey)
  A bush (Lair:2)
  5 fungi
  2 plants (Lair:5)
9 creatures vanquished.

Grand Total: 437 creatures vanquished

Notes
Turn   | Place    | Note
-------+----------+-------------------------------------------
     0 | Abyss:1  | DeepDeath the Gargoyle Abyssal Knight began the quest for
                  | the Orb.
     0 | Abyss:1  | Reached XP level 1. HP: 14/14 MP: 2/2
     9 | D:1      | Escaped the Abyss
   211 | D:1      | Reached XP level 2. HP: 18/19 MP: 3/3
   300 | D:1      | Reached skill level 3 in Maces & Flails
   301 | D:1      | Reached ** piety under Lugonu
   696 | D:2      | Reached XP level 3. HP: 23/23 MP: 4/4
   784 | D:2      | Found a blossoming altar of Fedhas.
  1046 | D:2      | Reached skill level 4 in Maces & Flails
  1248 | D:2      | Reached XP level 4. HP: 20/28 MP: 5/5
  1403 | D:2      | Noticed Robin
  1602 | D:3      | Reached *** piety under Lugonu
  1622 | D:3      | Reached skill level 5 in Maces & Flails
  1622 | D:3      | Reached XP level 5. HP: 16/32 MP: 6/6
  2751 | D:4      | Reached **** piety under Lugonu
  2756 | D:4      | Found an ancient bone altar of Kikubaaqudgha.
  2773 | D:4      | Reached skill level 6 in Maces & Flails
  2773 | D:4      | Reached skill level 1 in Throwing
  2773 | D:4      | Reached skill level 1 in Evocations
  2773 | D:4      | Reached XP level 6. HP: 35/37 MP: 7/7
  3285 | D:2      | Killed Robin
  3371 | D:5      | Entered Level 5 of the Dungeon
  3407 | D:5      | Noticed an ice beast
  3531 | D:5      | Found a sacrificial altar of Ru.
  3544 | D:5      | Reached skill level 7 in Maces & Flails
  3544 | D:5      | Reached XP level 7. HP: 41/41 MP: 8/8
  3758 | D:5      | Got a slimy ring mail
  3770 | D:5      | Identified the +2 ring mail "Cuphode" {rPois} (You found it
                  | on level 5 of the Dungeon)
  3835 | D:5      | Noticed Pikel
  3891 | D:5      | Killed Pikel
  3891 | D:5      | Reached skill level 8 in Maces & Flails
  3891 | D:5      | Reached skill level 1 in Dodging
  3891 | D:5      | Reached XP level 8. HP: 40/48 MP: 9/9
  4507 | D:6      | Noticed Maggie
  4522 | D:6      | Killed Maggie
  4786 | D:6      | Found a staircase to the Ecumenical Temple.
  4906 | D:7      | Reached skill level 9 in Maces & Flails
  4906 | D:7      | Reached XP level 9. HP: 46/52 MP: 12/12
  4995 | D:7      | Reached ***** piety under Lugonu
  5016 | D:7      | Found a flagged portal.
  5096 | Bailey   | Entered a bailey
  5096 | Bailey   | Noticed an orc knight
  5106 | Bailey   | Noticed an orc knight
  5151 | Bailey   | Reached skill level 5 in Fighting
  5266 | Bailey   | Reached skill level 5 in Invocations
  5296 | Bailey   | Reached skill level 10 in Maces & Flails
  5299 | Bailey   | Killed an orc knight
  5457 | Bailey   | Killed an orc knight
  5457 | Bailey   | Reached skill level 5 in Armour
  5457 | Bailey   | Reached XP level 10. HP: 52/59 MP: 14/14
  5484 | Bailey   | Noticed an orc knight
  5508 | Bailey   | Killed an orc knight
  5508 | Bailey   | Reached skill level 11 in Maces & Flails
  6703 | D:8      | Reached skill level 1 in Axes
  7802 | D:9      | Reached XP level 11. HP: 50/63 MP: 16/16
  8028 | D:9      | Found a staircase to the Lair.
  8130 | Lair:1   | Entered Level 1 of the Lair of Beasts
  8193 | Lair:1   | Reached skill level 5 in Axes
  8683 | Lair:1   | Noticed a six-headed hydra
  8701 | Lair:1   | Killed a one-headed hydra
  9824 | Lair:2   | Noticed a four-headed hydra
  9836 | Lair:2   | Killed a one-headed hydra
 10133 | Lair:2   | Reached ****** piety under Lugonu
 10136 | Lair:2   | Reached XP level 12. HP: 67/68 MP: 18/18
 10189 | Lair:2   | Reached skill level 10 in Axes
 10931 | Lair:3   | Found a hole to the Spider Nest.
 11346 | Lair:3   | Noticed Gastronok
 11372 | Lair:3   | Killed Gastronok
 11372 | Lair:3   | Reached skill level 12 in Maces & Flails
 12770 | Lair:4   | Identified the cursed +2 spear "Fillic" {freeze, Str+2
                  | Int-2 Stlth+} (You found it on level 4 of the Lair of
                  | Beasts)
 12857 | Lair:4   | Noticed a five-headed hydra
 12865 | Lair:4   | Killed a one-headed hydra
 12993 | Lair:4   | Found a staircase to the Shoals.
 13003 | Lair:4   | Reached XP level 13. HP: 59/76 MP: 20/20
 13093 | Lair:5   | Found a runed translucent door.
 13094 | Lair:5   | Found a viscous altar of Jiyva.
 13373 | Lair:5   | Reached skill level 10 in Invocations
 13645 | Lair:5   | Reached skill level 1 in Polearms
 13929 | Lair:5   | Found a staircase to the Slime Pits.
 15021 | D:10     | Entered Level 10 of the Dungeon
 16252 | D:11     | Found a frozen archway.
 16424 | IceCv    | Entered an ice cave
 16746 | IceCv    | Slain by a freezing wraith

Illustrated notes

Levels and vault maps discovered:
D:1:      dpeg_arrival_fog, layout_basic
D:2:      layout_basic, fedhas_altar_4, uniq_robin
D:3:      layout_rooms
D:4:      layout_loops_corners, kennysheep_vampire_church, first_ration,
          minmay_misc_feat_doors
D:5:      layout_cave_pools, nicolae_ru_sacrificial_ziggurat, uniq_pikel
D:6:      layout_cave_pools, minmay_temple_entry_junction, uniq_maggie
D:7:      layout_basic, enter_bailey_6, water_boxes_lemuel
D:8:      layout_rooms
D:9:      layout_basic, grunt_lair_entry_orc_guard_hut, grunt_livestock
D:10:     layout_gridville
D:11:     layout_big_octagon, david_orc_3, portal_ice_cave_rime
Lair:1:   layout_small_grid, serial_bayou_shore_b, grunt_megastairs_3
Lair:2:   lemuel_ratsnest, layout_regular_city, serial_bayou_shore_a,
          serial_bayou_shore_b
Lair:3:   beast_lair_carwin_large_4, layout_cave_pods, spider_nest_entry_a,
          cheibrodos_lair_lostbears, uniq_gastronok
Lair:4:   layout_loops_ring, minmay_shoals_entry_beasts
Lair:5:   layout_loops_ring, slime_altar_2, lemuel_fruit_tree
IceCv:    ice_cave_small_necro

Skill      XL: |  1  2  3  4  5  6  7  8  9 10 11 12 13 |
---------------+----------------------------------------+-----
Maces & Flails | 3 4 5 6 7 8 9 10 11 12 | 12.5
Throwing       | 1 2 3 4 |  4.0
Evocations     | 1 2 |  2.0
Dodging        | 1 2 4 |  4.0
Armour         | 3 5 6 8 |  8.0
Fighting       | 4 5 6 8 |  8.9
Invocations    | 4 6 7 8 9 10 | 10.6
Axes           | 3 9 10 | 10.4
Polearms       | 2 |  2.6

Action                   |  1- 3 |  4- 6 |  7- 9 | 10-12 | 13-15 || total
-------------------------+-------+-------+-------+-------+-------++-------
Melee: Mace              |   122 |   286 |   125 |       |       ||   533
       Whip              |       |       |   112 |   845 |   217 ||  1174
       Hand axe          |       |       |       |    42 |   227 ||   269
Throw: Dart              |       |     1 |       |    43 |    12 ||    56
       Boomerang         |       |     4 |    42 |    20 |    14 ||    80
       Throwing net      |       |       |       |     1 |     1 ||     2
Evoke: Wand              |       |       |    11 |    10 |    10 ||    31
  Use: Scroll            |     3 |     6 |     6 |    12 |     7 ||    34
       Potion            |       |     1 |     6 |     3 |     7 ||    17
 Stab: Paralysed         |       |       |    12 |       |       ||    12
       Invisible         |       |       |       |     2 |       ||     2
  Eat: Chunk             |     1 |     8 |     3 |    10 |     5 ||    27
       Ration            |       |       |     1 |     4 |     2 ||     7
Armor: Leather armour    |    78 |   128 |       |       |       ||   206
       Ring mail         |       |    96 |   135 |   236 |   182 ||   649
Dodge: Dodged            |    94 |   220 |   111 |   243 |   187 ||   855
Block: Other             |       |    34 |    64 |   114 |    47 ||   259
       Reflection        |       |     1 |    10 |       |       ||    11
